 Dungeon Crawl Stone Soup version 0.28-a0-816-gb054d885db (webtiles) character file.

Game seed: 935511239781423692

1038 freelancePsychic the Conjurer (level 7, -8/58 HPs)
             Began as a Demigod Conjurer on Nov 8, 2021.
             Mangled by Harold (18 damage)
             ... on level 7 of the Dungeon.
             The game lasted 00:13:27 (7491 turns).

freelancePsychic the Conjurer (Demigod Conjurer)    Turns: 7491, Time: 00:13:27

Health: -8/58      AC:  3    Str:  8    XL:     7   Next: 74%
Magic:  12/15      EV: 12    Int: 28    God:
Gold:   245        SH:  5    Dex: 12    Spells: 10/13 levels left

rFire   + . .      SeeInvis .   d - staff of earth
rCold   . . .      Faith    .   (no shield)
rNeg    + . .      Spirit   .   a - +0 robe
rPois   .          Reflect  +   (no helmet)
rElec   .          Harm     .   (no cloak)
rCorr   .          Rampage  .   (no gloves)
Will    .....                   j - +0 pair of boots
Stlth   ++........              c - amulet of reflection
HPRegen 0.19/turn               r - ring of protection from fire
MPRegen 0.14/turn               k - ring of positive energy

@: invisible
A: high mp 1, forlorn
a: no special abilities


You were on level 7 of the Dungeon.
You visited 1 branch of the dungeon, and saw 7 of its levels.

You collected 245 gold pieces.

Inventory:

Hand Weapons
 i - a +3 dagger of venom
Armour
 a - a +0 robe (worn)
 j - a +0 pair of boots (worn)
Magical Staves
 d - a staff of earth (weapon)
Jewellery
 c - an amulet of reflection (around neck)
 k - a ring of positive energy (right hand)
 r - a ring of protection from fire (left hand)
Wands
 o - a wand of iceblast (7)
 s - a wand of paralysis (7)
Scrolls
 e - 2 scrolls of amnesia
 f - a scroll of identify {@r1}
 g - 2 scrolls of noise
 h - a scroll of enchant weapon
Potions
 b - 2 potions of curing {@q1}
 l - a potion of cancellation
 q - 2 potions of heal wounds {unknown}


   Skills:
 + Level 3.8 Fighting
 - Level 1.7 Dodging
 - Level 1.7 Stealth
 + Level 3.5 Spellcasting
 - Level 5.9 Conjurations
 - Level 1.8 Hexes
 - Level 0.6 Translocations
 + Level 3.8 Ice Magic


You had 10 spell levels left.
You knew the following spells:

 Your Spells              Type           Power      Damage    Failure   Level
a - Magic Dart            Conj           100%       1d8       1%          1
b - Searing Ray           Conj           76%        2d7       1%          2

Your spell library contained the following spells:

 Spells                   Type           Power      Damage    Failure   Level
 Dazzling Flash           Conj/Hex       52%        N/A       4%          3
 Stone Arrow              Conj/Erth      64%        3d11      7%          3
 Summon Small Mammal      Summ           16%        N/A       8%          1
 Summon Guardian Golem    Hex/Summ       10%        N/A       16%         3
 Fulminant Prism          Conj/Hex       13%        3d9       16%         4
 Iskenderun's Mystic Bla  Conj/Tloc      23%        2d6       21%         4
 Call Canine Familiar     Summ           4%         N/A       24%         3
 Animate Armour           Summ/Erth      14%        N/A       61%         4
 Lehudib's Crystal Spear  Conj/Erth      16%        10d5      100%        8


Dungeon Overview and Level Annotations

Branches:
Dungeon (7/15)             Temple (0/1) D:6

Shops:
D:4 :

Annotations:
D:5 exclusion: centaur, Edmund
D:7 Harold


Innate Abilities, Weirdness & Mutations

Your attributes grow dramatically as you level up.
You have an increased reservoir of magic. (+10% MP)
You shall have no god before yourself.


Message History

Harold fires a harpoon shot at you. The harpoon shot misses you.
The searing ray hits Harold but does no damage.
Harold is moderately wounded.
Harold yells, "I don't have all day!"
The searing ray hits Harold but does no damage.
Harold is moderately wounded.
You finish channelling your searing ray.
Aiming: Iceblast
Press: ? - help, Shift-Dir - straight line, f/p - Harold
Aim: Harold, wielding a +0 mace and wearing a +3 ring mail of fire resistance (moderately wounded, inner flame)
The mass of ice explodes!
The iceblast engulfs Harold!
Flame seeps out of Harold.
Harold is heavily wounded.
Harold fires a harpoon shot at you. The harpoon shot hits you!
You are yanked forward by the harpoon shot.
You feel better. Harold barely misses you.
Harold says, "Do you have any idea what people are willing to pay to have you killed, freelancePsychic?"
Harold fires a harpoon shot at you. The harpoon shot hits you!
You are yanked forward by the harpoon shot.
Okay, then.
As you read the scroll labelled POASIB REANAO, it crumbles to dust.
The scroll dissolves into smoke.
It was a scroll of fog.
You block Harold's attack.
Harold pauses a moment, imagining something with a smile on his face.
Harold's inner flame fades away.
It was a potion of cancellation.
Your magical effects are unravelling.
You feel magically purged.
The sentinel's mark upon you fades away.
Harold hits you with a +0 mace!!
* * * LOW HITPOINT WARNING * * *
You feel better. Harold misses you.
Okay, then.
It was a potion of invisibility.
You fade into invisibility!
Harold hits you with a +0 mace!!
You die...

##......# #..###..### ###...
#......###..# #### ###.....
##......#.)## ###....... ####
#..#...#..# ###.........
#..####..#§§#§§# ##...........
....###..§§§§§§## #............
......#..§§§§§§.## #............
........#######@.####............
........# ##@..###...........
........# ##...#............
.......## ###..............
.......# #..##.......... ....(..#
#.###.......... ......## ##.#
##........# ......# #..#
##....#### .....## #..# #..###
.....# ##.## ####


You could see Harold.

Vanquished Creatures
  A necrophage (D:5)
  2 ogres
  A centaur (D:5)
  3 scorpions
  A water moccasin skeleton (D:4)
  3 hounds (D:5)
  A jelly (D:6)
  A bullfrog skeleton (D:6)
  3 iguanas
  A hound skeleton (D:4)
  2 howler monkey zombies
  4 adders
  4 gnolls (D:5)
  2 white imps
  3 ufetubi
  6 worms
  2 dart slugs
  3 orcs
  8 ball pythons
  8 endoplasms
  14 giant cockroaches
  7 goblins
  12 hobgoblins
  A quokka (D:2)
  6 bats
  5 frilled lizards (D:1)
  9 kobolds
  11 rats
124 creatures vanquished.

Notes
Turn   | Place    | Note
-------+----------+-------------------------------------------
     0 | D:1      | freelancePsychic the Demigod Conjurer began the quest for
                  | the Orb.
     0 | D:1      | Reached XP level 1. HP: 14/14 MP: 5/5
   277 | D:1      | Reached XP level 2. HP: 20/20 MP: 4/7
   280 | D:1      | Learned a level 2 spell: Searing Ray
   326 | D:1      | Reached skill level 4 in Conjurations
  1031 | D:1      | Reached XP level 3. HP: 26/26 MP: 5/9
  2189 | D:2      | Reached XP level 4. HP: 19/33 MP: 4/10
  2710 | D:2      | Reached skill level 5 in Conjurations
  3848 | D:4      | Reached XP level 5. HP: 38/38 MP: 4/12
  3959 | D:4      | Reached skill level 1 in Hexes
  4127 | D:4      | Noticed an ogre
  4132 | D:4      | Killed an ogre
  4177 | D:4      | Found Guar's Book Shop.
  4185 | D:4      | Reached XP level 6. HP: 45/45 MP: 5/13
  4330 | D:4      | Noticed a two-headed ogre
  4335 | D:5      | Entered Level 5 of the Dungeon
  4545 | D:5      | Reached skill level 1 in Fighting
  4545 | D:5      | Reached skill level 1 in Ice Magic
  5029 | D:5      | Noticed Edmund
  5103 | D:5      | Reached XP level 7. HP: 56/56 MP: 8/14
  5920 | D:6      | Found a staircase to the Ecumenical Temple.
  7060 | D:7      | Noticed Harold
  7491 | D:7      | Mangled by Harold

Illustrated notes

Levels and vault maps discovered:
D:1:      scummos_arrival_checkerplants, layout_loops_corners,
          hellmonk_ecumenical_altar_heavens_door, palyth_stone_intersect
D:2:      minmay_roachtagon, layout_basic
D:3:      layout_rooms
D:4:      minmay_recursive_quarters, layout_rooms, serial_shops, shop,
          guppyfry_shop_venom, uniq_menkaure
D:5:      layout_loops_corners, uniq_edmund
D:6:      layout_cave_pods, nemelex_dance_club_becter,
          minmay_temple_entry_butterflies
D:7:      layout_cave_pods, uniq_harold, uniq_crazy_yiuf_cottage, uniq_pikel

Skill      XL: |  1  2  3  4  5  6  7 |
---------------+----------------------+-----
Spellcasting   | 2 3 |  3.5
Conjurations   | 4 5 |  5.9
Hexes          | 1 |  1.8
Fighting       | 2 3 |  3.8
Ice Magic      | 2 3 |  3.8
Dodging        | |  1.7
Stealth        | |  1.7
Translocations | |  0.6

Action                   |  1- 3 |  4- 6 |  7- 9 || total
-------------------------+-------+-------+-------++-------
Melee: Staff             |     6 |     1 |       ||     7
 Cast: Magic Dart        |    56 |     4 |     2 ||    62
       Searing Ray       |    18 |    44 |    20 ||    82
Evoke: Wand              |       |       |     1 ||     1
  Use: Scroll            |     1 |     2 |     8 ||    11
       Potion            |       |       |     4 ||     4
Armor: Robe              |     3 |     6 |     1 ||    10
Dodge: Dodged            |    13 |    26 |    12 ||    51
Block: Other             |       |     3 |     4 ||     7

Table legend: (Time is in decaauts)
 A = Elapsed time spent in this place.
 B = Non-inter-level travel time spent in this place.
 C = Inter-level travel time spent in this place.
 D = Time resting spent in this place.
 E = Time spent auto-exploring this place.
 F = Levels seen in this place.
 G = Mean time per level.
                   A        B        C        D        E       F      G
               +--------+--------+--------+--------+--------+-----+--------+
         Total |   7490 |   7373 |    117 |     87 |   6581 |   7 | 1070.0 |
       Dungeon |   7490 |   7373 |    117 |     87 |   6581 |   7 | 1070.0 |
               +--------+--------+--------+--------+--------+-----+--------+

Top non-repeatable levels by time:
     D:5: 1584 daAuts
     D:2: 1547 daAuts
     D:1: 1347 daAuts
     D:6: 979 daAuts
     D:3: 844 daAuts
     D:4: 596 daAuts
     D:7: 589 daAuts
